[Event "Titled Tuesday Blitz January 17 Early 2023"]
[White "Hajiyev, Kanan"]
[Black "Castellanos Gomez, Alejandro"]
[WhiteFideId "13404148"]
[BlackFideId "22284141"]
[WhiteElo "2197"]
[BlackElo "2253"]
[Result "0-1"]
[Round "10"]
[TimeControl "180+2"]
[Date "2023.01.17"]
[WhiteClock "0:00:29"]
[BlackClock "0:02:34"]

1. d4 e6 2. c4 d5 3. cxd5 exd5 4. Nc3 Nf6 5. Nf3 c6 6. Bf4 Bd6 7. Bxd6 Qxd6 8. e3 O-O 9. Bd3 Re8 10. Qc2 Bg4 11. Ne5 Bh5 12. g4 Nxg4 13. Bxh7+ Kh8 14. Nxg4 Bxg4 15. Bf5 Bf3 16. O-O Qf6 17. Rfc1 Qg5+ 18. Kf1 Qg2+ 19. Ke1 Qg1+ 20. Kd2 Qxf2+ 21. Kd3 Rxe3# 0-1


[Site "https://www.chess.com"]

[Event "Titled Tuesday Blitz January 17 Early 2023"]
[White "Mrudul Dehankar"]
[Black "Novikov, Evgenij"]
[WhiteFideId "25096990"]
[BlackFideId "4125380"]
[WhiteElo "2030"]
[BlackElo "2276"]
[Result "0-1"]
[Round "10"]
[TimeControl "180+2"]
[Date "2023.01.17"]
[WhiteClock "0:00:03"]
[BlackClock "0:00:19"]

1. e4 c5 2. Nf3 Nc6 3. d4 cxd4 4. Nxd4 e5 5. Nb5 a6 6. Nd6+ Bxd6 7. Qxd6 Qf6 8. Qd1 Qg6 9. Nc3 Nge7 10. Be3 O-O 11. Qd2 d5 12. exd5 Rd8 13. O-O-O Bf5 14. a3 Rac8 15. f3 Nd4 16. Bxd4 exd4 17. Qxd4 Bxc2 18. Bd3 Bxd3 19. Qxd3 Qxg2 20. Rhg1 Qxh2 21. Qd4 Qh6+ 22. Kb1 Nf5 23. Qe5 Nd6 24. Qd4 g6 25. Rde1 Qg7 26. Qb4 b5 27. Ne4 Nc4 28. d6 a5 29. Qb3 Kh8 0-1


[Site "https://www.chess.com"]

[Event "Titled Tuesday Blitz January 17 Early 2023"]
[White "Kazancev, Valerij M"]
[Black "Skurikhin, Dmitrij"]
[WhiteFideId "4179609"]
[BlackFideId "4161297"]
[WhiteElo "2313"]
[BlackElo "2297"]
[Result "1-0"]
[Round "10"]
[TimeControl "180+2"]
[Date "2023.01.17"]
[WhiteClock "0:00:35"]
[BlackClock "0:00:08"]

1. c4 c6 2. Nf3 d5 3. g3 Nf6 4. Bg2 Bf5 5. O-O e6 6. b3 Nbd7 7. Bb2 Be7 8. d3 O-O 9. Nbd2 Bg6 10. a3 a5 11. h3 h6 12. Ra2 b5 13. Qa1 Ne8 14. a4 b4 15. d4 Ndf6 16. Ne5 Qc7 17. Nxg6 fxg6 18. e4 Rd8 19. e5 Nh7 20. c5 g5 21. Qb1 Rf7 22. Qd3 Nf8 23. Bc1 Ra8 24. Re1 Qb7 25. Nf1 Qa6 26. Qb1 g6 27. Ne3 Ng7 28. Bf1 Qb7 29. g4 Bd8 30. Bd3 Kh7 31. Ng2 h5 32. Be3 Qe7 33. Rf1 Rf3 34. Kh2 Qf7 35. Ne1 Rf4 36. f3 Kg8 37. Kg2 Bc7 38. Raf2 Ra7 39. Kg1 Bd8 40. Ng2 Rb7 41. Qc1 Ra7 42. Nxf4 gxf4 43. Bxf4 Be7 44. Rg2 h4 45. Be3 Nd7 46. f4 Ra8 47. Rf3 Rf8 48. Rgf2 Qe8 49. Kg2 Qd8 50. Qc2 Qe8 51. Rf1 Kh7 52. Kh1 Kh6 53. f5+ Kh7 54. f6 Bxf6 55. exf6 Nxf6 56. Rxf6 Rxf6 57. Rxf6 Qf7 58. Rxf7 1-0


[Site "https://www.chess.com"]

[Event "Titled Tuesday Blitz January 17 Early 2023"]
[White "Ortega Ruiz, Jose Miguel"]
[Black "Bashirli, Saadat"]
[WhiteFideId "2209713"]
[BlackFideId "13429990"]
[WhiteElo "2351"]
[BlackElo "1571"]
[Result "1-0"]
[Round "10"]
[TimeControl "180+2"]
[Date "2023.01.17"]
[WhiteClock "0:02:41"]
[BlackClock "0:00:44"]

1. g3 d5 2. Bg2 Nf6 3. d4 Bf5 4. Nf3 e6 5. O-O c5 6. c4 dxc4 7. Nc3 Nc6 8. dxc5 Qxd1 9. Rxd1 Bxc5 10. Nh4 Bg4 11. h3 Bh5 12. Bxc6+ bxc6 13. Ng2 O-O 14. Be3 Bxe3 15. Nxe3 Rab8 16. Rd2 Rfd8 17. Rad1 Rxd2 18. Rxd2 Bg6 19. Nxc4 Ne4 20. Nxe4 Bxe4 21. b3 Bd5 22. Ne5 f6 23. Nd3 Kf7 24. Nc5 Ke7 25. e4 Rb5 26. b4 Bc4 27. Rd7+ Kf8 28. a3 a5 29. Nb7 axb4 30. Nd6 Ra5 31. Rf7+ Kg8 32. Rb7 Ra8 33. Nxc4 bxa3 34. Rb1 Kf7 35. Kf1 Ke7 36. Ke2 e5 37. Ra1 a2 38. Kd3 Ke6 39. Kc3 c5 40. Kb3 f5 41. Rxa2 Rd8 42. Ra6+ Kf7 43. Nxe5+ Ke7 44. Nc6+ 1-0


[Site "https://www.chess.com"]

[Event "Titled Tuesday Blitz January 17 Early 2023"]
[White "Ahmad, Al Khatib"]
[Black "Samaganova, Aleksandra"]
[WhiteFideId "8103178"]
[BlackFideId "13800221"]
[WhiteElo "2344"]
[BlackElo "1856"]
[Result "1-0"]
[Round "10"]
[TimeControl "180+2"]
[Date "2023.01.17"]
[WhiteClock "0:00:05"]
[BlackClock "0:00:02"]

1. Nf3 c5 2. g3 Nc6 3. Bg2 g6 4. e4 Bg7 5. d3 e6 6. O-O Nge7 7. Re1 O-O 8. e5 d6 9. exd6 Qxd6 10. Nbd2 b6 11. Nc4 Qd8 12. a4 Ba6 13. Qe2 Rc8 14. h4 Bxc4 15. dxc4 Nd4 16. Qd1 Nef5 17. c3 Nxf3+ 18. Qxf3 h5 19. Bg5 Qc7 20. Bf4 Qe7 21. a5 Bf6 22. axb6 axb6 23. Qb7 Qxb7 24. Bxb7 Rcd8 25. Red1 Rxd1+ 26. Rxd1 Rd8 27. Ra1 e5 28. Bg5 Bxg5 29. hxg5 Rd2 30. b4 Rc2 31. Bd5 Rxc3 32. bxc5 bxc5 33. Ra7 Rc1+ 34. Kg2 Nd4 35. Rxf7 Kh8 36. Rc7 Rc2 37. Rc8+ Kg7 38. Rc7+ Kh8 39. Rxc5 Ne2 40. Rc8+ Kg7 41. Rc7+ Kh8 42. Be4 Rc3 43. Bxg6 Nd4 44. Be4 1-0


[Site "https://www.chess.com"]

[Event "Titled Tuesday Blitz January 17 Early 2023"]
[White "Sanchez, Robert"]
[Black "Hoffmann, Asa"]
[WhiteFideId "2034360"]
[BlackFideId "2001470"]
[WhiteElo "1966"]
[BlackElo "2185"]
[Result "1-0"]
[Round "10"]
[TimeControl "180+2"]
[Date "2023.01.17"]
[WhiteClock "0:00:08"]
[BlackClock "0:00:04"]

1. e4 d6 2. d4 c6 3. Nc3 a6 4. Be3 Nf6 5. f3 Nbd7 6. Qd2 b5 7. O-O-O Qc7 8. Kb1 e5 9. g4 Be7 10. h4 Nb6 11. Bd3 Bb7 12. h5 h6 13. Nh3 c5 14. dxe5 dxe5 15. Qf2 O-O-O 16. g5 Nfd7 17. Nd5 Bxd5 18. exd5 Nxd5 19. Bc1 N7b6 20. g6 f6 21. f4 c4 22. Be4 Bc5 23. Qf3 Ne7 24. fxe5 fxe5 25. Qf7 Nc6 26. Qf3 Rhf8 27. Rxd8+ Qxd8 28. Qg4+ Qd7 29. Qg2 Kc7 30. c3 Rf6 31. Bc2 Qe7 32. Bxh6 b4 33. Bg5 bxc3 34. Bxf6 Qxf6 35. Rf1 Qd6 36. bxc3 Nd5 37. Qf3 Ba3 38. Rd1 Nce7 39. Rxd5 Qxd5 40. Qxd5 Nxd5 41. h6 Nxc3+ 42. Ka1 gxh6 43. g7 e4 44. g8=Q e3 45. Qxc4+ Kd6 46. Qxc3 Bc5 47. Qd3+ Ke5 48. Qf5+ Kd4 49. Nf4 Kc3 50. Qd3+ Kb4 51. Nd5+ Ka5 52. Nxe3 Kb6 53. Nc4+ Kc6 54. Kb1 a5 55. a4 Bb4 56. Ne5+ Kc5 57. Nf3 Kc6 58. Bb3 Kc5 59. Qb5+ Kd6 60. Kc2 Ke7 61. Kd3 1-0


[Site "https://www.chess.com"]

[Event "Titled Tuesday Blitz January 17 Early 2023"]
[White "Lauridsen, Jesper Morch"]
[Black "Buchenau, Frank"]
[WhiteFideId "1401890"]
[BlackFideId "4604350"]
[WhiteElo "2309"]
[BlackElo "2222"]
[Result "0-1"]
[Round "10"]
[TimeControl "180+2"]
[Date "2023.01.17"]
[WhiteClock "0:00:06"]
[BlackClock "0:01:35"]

1. e4 e6 2. c4 d5 3. cxd5 exd5 4. Qb3 dxe4 5. Bc4 Qe7 6. Nc3 Nf6 7. d3 Nbd7 8. Bg5 Nc5 9. Qd1 Nxd3+ 10. Kf1 Nxf2 11. Bb5+ c6 12. Kxf2 cxb5 13. h3 Qe5 14. Bxf6 Qxf6+ 15. Ke1 Qh4+ 16. Kd2 Bf5 17. Kc2 e3+ 18. Kc1 b4 19. Qa4+ Bd7 20. Nb5 Qe1+ 21. Kc2 Rc8+ 22. Kb3 Be6# 0-1


[Site "https://www.chess.com"]

[Event "Titled Tuesday Blitz January 17 Early 2023"]
[White "MunichMouse"]
[Black "Baches Garcia, Guillermo"]
[BlackFideId "2209764"]
[WhiteElo "2211"]
[BlackElo "2327"]
[Result "0-1"]
[Round "10"]
[TimeControl "180+2"]
[Date "2023.01.17"]
[WhiteClock "0:00:24"]
[BlackClock "0:00:27"]

1. d4 Nf6 2. c4 e6 3. Nf3 d5 4. g3 Be7 5. Bg2 O-O 6. O-O dxc4 7. Nc3 Bd7 8. Ne5 Nc6 9. Nxc6 Bxc6 10. Bxc6 bxc6 11. e3 Nd5 12. Na4 c5 13. dxc5 Qe8 14. e4 Nf6 15. f3 Qb5 16. Be3 Rfd8 17. Qc2 Rd3 18. Rfe1 Rad8 19. Rac1 Nd7 20. Qxc4 Qxc4 21. Rxc4 Ne5 22. Rcc1 Nxf3+ 23. Kf2 Nxe1 24. Rxe1 Rd1 25. Re2 Rh1 26. Kg2 Rdd1 27. b3 Rhe1 28. Nc3 Rxe2+ 29. Nxe2 Rd3 30. Kf2 e5 31. Nc1 Rd1 32. Ke2 Rh1 33. h4 f6 34. b4 Kf7 35. a4 Ke6 36. Bf2 Rxc1 0-1


[Site "https://www.chess.com"]

[Event "Titled Tuesday Blitz January 17 Early 2023"]
[White "parintele_chess"]
[Black "Rodrigues, Leonardo De Miranda"]
[BlackFideId "2108658"]
[WhiteElo "2259"]
[BlackElo "2112"]
[Result "0-1"]
[Round "10"]
[TimeControl "180+2"]
[Date "2023.01.17"]
[WhiteClock "0:00:04"]
[BlackClock "0:00:42"]

1. d4 Nf6 2. Bf4 c5 3. e3 Qb6 4. Nc3 a6 5. dxc5 Qxb2 6. Na4 Qa3 7. Nb6 Qc3+ 8. Ke2 e5 9. Nxa8 exf4 10. Nb6 Qxc5 11. Nxc8 Qxc8 12. Nf3 Nc6 13. Nd4 Ne5 14. Qd2 Qc4+ 15. Ke1 Qa4 16. exf4 Bb4 17. c3 Ne4 18. cxb4 Nxd2 19. fxe5 Qxb4 20. Nc2 Qc3 21. Kd1 Ne4 0-1


[Site "https://www.chess.com"]

[Event "Titled Tuesday Blitz January 17 Early 2023"]
[White "Rose, Felix"]
[Black "Iskusnyh, Sergei"]
[WhiteFideId "5105722"]
[BlackFideId "4120027"]
[WhiteElo "2091"]
[BlackElo "2440"]
[Result "0-1"]
[Round "10"]
[TimeControl "180+2"]
[Date "2023.01.17"]
[WhiteClock "0:00:01"]
[BlackClock "0:01:22"]

1. e4 e6 2. d4 d5 3. Nc3 Nf6 4. e5 Nfd7 5. f4 c5 6. Nf3 Be7 7. Be3 O-O 8. Qd2 a6 9. Be2 b5 10. dxc5 Nxc5 11. a3 Nbd7 12. Nd4 Bb7 13. O-O Qc7 14. Bd3 Ne4 15. Bxe4 dxe4 16. Qe2 Nb6 17. Kh1 Nc4 18. Bc1 Rad8 19. Nb3 Nxa3 20. Nxe4 Qxc2 21. Nbd2 Nc4 22. Rf2 Bxe4 23. Nxe4 Qxe2 24. Rxe2 Rd1+ 0-1


[Site "https://www.chess.com"]

[Event "Titled Tuesday Blitz January 17 Early 2023"]
[White "Osmak, Yuliia"]
[Black "Houska, Jovanka"]
[WhiteFideId "14101602"]
[BlackFideId "405094"]
[WhiteElo "2440"]
[BlackElo "2338"]
[Result "0-1"]
[Round "10"]
[TimeControl "180+2"]
[Date "2023.01.17"]
[WhiteClock "0:00:01"]
[BlackClock "0:00:19"]

1. Nf3 d5 2. g3 c6 3. Bg2 Bf5 4. O-O e6 5. d3 h6 6. Nbd2 Nf6 7. Qe1 Be7 8. e4 dxe4 9. dxe4 Bh7 10. Qe2 O-O 11. c3 a5 12. a4 Nbd7 13. Nd4 Nc5 14. f3 e5 15. Nc2 Qd3 16. Qxd3 Nxd3 17. Nc4 Nd7 18. Rd1 N7c5 19. Be3 b5 20. axb5 cxb5 21. Nxa5 Nxb2 22. Rdb1 Nc4 23. Rxb5 Nxe3 24. Nxe3 Rfc8 25. Nd5 Bf8 26. Nb6 Rab8 27. Rab1 Rd8 28. Nd5 Rxb5 29. Rxb5 f5 30. Nc6 Ra8 31. Nce7+ Bxe7 32. Nxe7+ Kf7 33. Rxc5 Kxe7 34. Rxe5+ Kf6 35. Rd5 Ra1+ 36. Kf2 fxe4 37. fxe4 Ra2+ 38. Kf1 Rxg2 39. Rd6+ Ke5 40. Rd5+ Ke6 41. Rd4 Rxh2 42. Ra4 Rc2 43. c4 Bxe4 44. Ra7 g6 45. Rh7 h5 46. Rc7 Kf5 47. Ke1 Kg4 48. c5 Kxg3 49. Kd1 Ra2 50. Re7 Bf5 51. c6 h4 52. c7 Ra5 53. Rf7 Rc5 54. Kd2 h3 0-1


[Site "https://www.chess.com"]

[Event "Titled Tuesday Blitz January 17 Early 2023"]
[White "Biastoch, Bennet"]
[Black "Fathy, Elameir"]
[WhiteFideId "12939889"]
[BlackFideId "10600396"]
[WhiteElo "2257"]
[BlackElo "2300"]
[Result "0-1"]
[Round "10"]
[TimeControl "180+2"]
[Date "2023.01.17"]
[WhiteClock "0:01:10"]
[BlackClock "0:00:09"]

1. e4 c5 2. Nf3 d6 3. d4 cxd4 4. Nxd4 Nf6 5. Nc3 a6 6. Be3 e5 7. Nb3 Be7 8. f3 Be6 9. Qd2 h5 10. Be2 Nbd7 11. Nd5 Nxd5 12. exd5 Bf5 13. O-O Qc7 14. c4 a5 15. c5 dxc5 16. Rac1 b6 17. Bb5 Bd6 18. Qf2 O-O 19. Nd2 Nf6 20. Bc6 Rad8 21. a3 Bd7 22. b4 axb4 23. axb4 Bxc6 24. bxc5 bxc5 25. dxc6 Qxc6 26. Bxc5 Bxc5 27. Rxc5 Qd6 28. Nc4 Qd4 29. Nxe5 Rfe8 30. Nc6 Qxf2+ 31. Rxf2 Rd1+ 32. Rf1 Rd2 33. Rg5 Ree2 34. h4 Nd5 35. Ra1 f6 36. Rg3 Ne3 37. Ra8+ Kf7 38. Ra7+ Ke6 39. Raxg7 Re1+ 40. Kh2 Nf1+ 41. Kh3 Nxg3 42. Kxg3 Rg1 43. Kh2 Rdd1 44. Nb4 Rh1+ 45. Kg3 Rhe1 46. Nc2 Re2 47. Rc7 Rdd2 48. Rc6+ Kd7 49. Nb4 Rxg2+ 50. Kf4 Rd4+ 51. Ke3 Rxb4 52. Rxf6 Rb3+ 53. Ke4 Rg3 54. Rf5 Rb4+ 55. Ke3 Rg1 56. Rxh5 Re1+ 57. Kf2 Re6 58. Rg5 Rb3 59. Kg3 Rf6 60. Kg4 Rbxf3 61. h5 R3f4+ 62. Kg3 R4f5 63. Kg4 Rxg5+ 64. Kxg5 Ke7 65. h6 Kf7 66. Kh5 Kg8 67. Kg5 Ra6 68. Kh5 Kh7 69. Kg5 Ra5+ 70. Kf4 Kxh6 0-1


[Site "https://www.chess.com"]

[Event "Titled Tuesday Blitz January 17 Early 2023"]
[White "Jaskolka, Tomasz"]
[Black "Kalajzic, Ivan"]
[WhiteFideId "1170791"]
[BlackFideId "14506378"]
[WhiteElo "2238"]
[BlackElo "2062"]
[Result "1/2-1/2"]
[Round "10"]
[TimeControl "180+2"]
[Date "2023.01.17"]
[WhiteClock "0:00:17"]
[BlackClock "0:00:13"]

1. e4 Nc6 2. Nf3 d6 3. d4 Bg4 4. Nc3 a6 5. Be3 e5 6. d5 Nce7 7. Be2 Nf6 8. h3 Bd7 9. Qd2 g6 10. O-O-O Bg7 11. g4 b5 12. Kb1 b4 13. Na4 Bxa4 14. Qxb4 Bd7 15. Bd3 Qb8 16. Qc3 O-O 17. Rdg1 Nfxd5 18. exd5 Nxd5 19. Qd2 Nxe3 20. Qxe3 e4 21. Nd4 exd3 22. Qxd3 Qb6 23. c3 Rab8 24. b3 Rfe8 25. h4 Bc6 26. f3 Bd5 27. h5 Bxd4 28. cxd4 Bxb3 29. axb3 Qxb3+ 30. Qxb3 Rxb3+ 31. Kc2 Rxf3 32. hxg6 hxg6 33. Rg2 Ree3 34. Rgh2 Kf8 35. Rh8+ Ke7 36. Ra8 Ra3 37. Kb2 Kf6 38. Rg1 Kg5 39. Rc8 Rac3 40. Ra8 Rce3 41. Rxa6 Re2+ 42. Kc1 Rff2 43. Ra5+ Kf4 44. g5 Ra2 45. Rxa2 Rxa2 46. Rf1+ Ke4 47. Rxf7 Kxd4 48. Rxc7 d5 49. Rc6 Kd3 50. Rxg6 d4 51. Rb6 Rc2+ 52. Kd1 Rg2 53. Rb3+ Ke4 54. Rb5 Ke3 55. Re5+ Kd3 56. Ke1 Rg4 57. Kf2 Kc2 58. Rc5+ Kd2 59. Kf3 Rg1 60. Rd5 d3 61. Ke4 Re1+ 62. Kf5 Rf1+ 63. Ke4 Re1+ 64. Kf5 Ke2 65. g6 Rf1+ 66. Ke6 Rg1 67. Kf7 Rf1+ 68. Ke7 d2 69. g7 Rg1 70. Re5+ Kd3 71. Rd5+ Ke3 72. Kf7 Rf1+ 73. Ke7 Rg1 74. Kf6 Rxg7 75. Kxg7 Ke2 76. Re5+ Kf2 77. Rf5+ Ke2 78. Re5+ Kf2 79. Rd5 Ke2 80. Kf6 d1=Q 81. Rxd1 Kxd1 1/2-1/2


[Site "https://www.chess.com"]

[Event "Titled Tuesday Blitz January 17 Early 2023"]
[White "Albertini, Luca"]
[Black "Petrova, Irina"]
[WhiteFideId "847038"]
[BlackFideId "14124122"]
[WhiteElo "2084"]
[BlackElo "2108"]
[Result "1-0"]
[Round "10"]
[TimeControl "180+2"]
[Date "2023.01.17"]
[WhiteClock "0:01:35"]
[BlackClock "0:00:07"]

1. e4 d6 2. d4 Nf6 3. f3 e5 4. d5 Be7 5. c4 c6 6. Nc3 O-O 7. Be3 cxd5 8. cxd5 h6 9. Qd2 Nh7 10. Bb5 a6 11. Ba4 Bg5 12. Nge2 f5 13. O-O Bxe3+ 14. Qxe3 f4 15. Qd2 Qf6 16. Rac1 Nd7 17. b4 Qg6 18. Bxd7 Bxd7 19. a4 Ng5 20. Kh1 h5 21. b5 h4 22. h3 Rac8 23. b6 Rc4 24. a5 Rfc8 25. Na2 Rxc1 26. Rxc1 Rxc1+ 27. Nexc1 Qe8 28. Nb4 Qc8 29. Qc2 Bxh3 30. Qxc8+ Bxc8 31. Kh2 h3 32. Ncd3 hxg2 33. Kxg2 Nf7 34. Nc6 Kf8 35. Ndb4 Ke8 36. Na7 Kd8 37. Nxc8 Kxc8 38. Kh3 Nh6 39. Kh4 Nf7 40. Kg4 Kd7 41. Kf5 Nd8 42. Kg6 Ke7 43. Kxg7 Kd7 44. Kf6 Kc8 45. Ke7 Kb8 46. Kxd8 Ka8 47. Kd7 Kb8 48. Kxd6 Ka8 49. Kxe5 Kb8 50. Kxf4 Ka8 51. Ke5 Kb8 52. Ke6 Ka8 53. Ke7 Kb8 54. d6 1-0


[Site "https://www.chess.com"]

[Event "Titled Tuesday Blitz January 17 Early 2023"]
[White "Todorovic, Bojan"]
[Black "Estrada Nieto, Julian"]
[WhiteFideId "917087"]
[BlackFideId "5101018"]
[WhiteElo "2195"]
[BlackElo "2215"]
[Result "1-0"]
[Round "10"]
[TimeControl "180+2"]
[Date "2023.01.17"]
[WhiteClock "0:00:17"]
[BlackClock "0:00:04"]

1. d4 Nf6 2. c4 e6 3. Nc3 c5 4. d5 exd5 5. cxd5 d6 6. Nf3 g6 7. Nd2 Bg7 8. e4 a6 9. a4 O-O 10. Be2 Nbd7 11. O-O Qe7 12. Qc2 Rb8 13. Ra3 Nh5 14. Bxh5 gxh5 15. Nd1 Ne5 16. Ne3 b5 17. axb5 axb5 18. Nf5 Bxf5 19. exf5 c4 20. Rg3 Kh8 21. Ne4 Nd3 22. Rxg7 Qxe4 23. Bh6 Qxf5 24. Rg5 Qf6 25. Bg7+ Qxg7 26. Rxg7 Kxg7 27. Qc3+ f6 28. Qa5 Rf7 29. f4 Re7 30. Qa6 Rd7 31. Qc6 Rbb7 32. Rf3 Ra7 33. h4 Rab7 34. Rg3+ Kf7 35. Qc8 Re7 36. Qg8# 1-0


[Site "https://www.chess.com"]

[Event "Titled Tuesday Blitz January 17 Early 2023"]
[White "Bon, Michael"]
[Black "I_KID_you_not"]
[WhiteFideId "620696"]
[WhiteElo "2394"]
[BlackElo "2332"]
[Result "0-1"]
[Round "10"]
[TimeControl "180+2"]
[Date "2023.01.17"]
[WhiteClock "0:00:05"]
[BlackClock "0:00:54"]

1. e4 c5 2. c3 Nf6 3. e5 Nd5 4. d4 cxd4 5. Nf3 Nc6 6. Bc4 Nb6 7. Bb3 d5 8. exd6 Qxd6 9. O-O Bf5 10. cxd4 e6 11. Nc3 Be7 12. d5 Nxd5 13. Nxd5 exd5 14. Qxd5 Qxd5 15. Bxd5 O-O 16. Be3 Bf6 17. Bxc6 bxc6 18. Bd4 Bxd4 19. Nxd4 Be4 20. Rac1 Rab8 21. b3 Rfc8 22. Rfe1 Bd5 23. Rc5 Kf8 24. f3 Rb4 25. Nc2 Rb5 26. Rc3 a5 27. Kf2 a4 28. b4 Bxa2 29. Na1 Rxb4 30. Rec1 Rb2+ 31. Kg3 Bd5 32. Nc2 Ra8 33. Na3 Rb3 34. Kf4 Rxc3 35. Rxc3 Rb8 36. Nc4 Rb3 37. Rc1 Bxc4 38. Rxc4 a3 39. Rxc6 Rb2 40. Ra6 Rxg2 41. Rxa3 Rxh2 42. Ra7 g6 43. Kg3 Rb2 44. Rc7 Kg7 45. Ra7 Rb6 46. Rc7 h5 47. Rd7 Kf6 48. Ra7 Re6 49. Rc7 g5 50. Rc5 Rb6 51. Ra5 h4+ 52. Kh3 Rb4 53. Rc5 Kg6 54. Ra5 Rf4 55. Ra3 f5 56. Ra6+ Kh5 57. Ra3 Rxf3+ 58. Rxf3 g4+ 59. Kg2 gxf3+ 60. Kxf3 Kg5 0-1


[Site "https://www.chess.com"]

[Event "Titled Tuesday Blitz January 17 Early 2023"]
[White "Matveeva, Olga"]
[Black "Garv Gaur"]
[WhiteFideId "24107018"]
[BlackFideId "45030839"]
[WhiteElo "2128"]
[BlackElo "2006"]
[Result "0-1"]
[Round "10"]
[TimeControl "180+2"]
[Date "2023.01.17"]
[WhiteClock "0:00:12"]
[BlackClock "0:00:10"]

1. d4 Nf6 2. c4 e6 3. g3 d5 4. Nf3 Bb4+ 5. Bd2 Be7 6. Bg2 O-O 7. O-O c6 8. Qc2 Nbd7 9. Rd1 b6 10. Bf4 Bb7 11. Ne5 Rc8 12. Nc3 Nh5 13. Bc1 c5 14. Nxd7 Qxd7 15. cxd5 cxd4 16. dxe6 fxe6 17. Bxb7 Qxb7 18. Rxd4 Bc5 19. Be3 Bxd4 20. Bxd4 Qf7 21. Rd1 Rfd8 22. Be3 Nf6 23. f3 Nd5 24. Bd4 Nxc3 25. Bxc3 Qf5 26. Qb3 Qc5+ 27. Kg2 Rxd1 28. Qxd1 Qd5 29. Qa4 Qc4 30. Qxc4 Rxc4 31. Kf2 b5 32. a3 Kf7 33. Ke3 g5 34. Kd3 Rc8 35. Be5 Kg6 36. g4 h5 37. h3 h4 38. Bc3 Kf7 39. Bd2 Kf6 40. Bc3+ e5 41. Ke4 Rc4+ 42. Ke3 Ke6 43. Kd3 Rc8 44. Bd2 Rd8+ 45. Kc2 Kf6 46. Bc3 Re8 47. Kd3 Ke6 48. Ke4 Rc8 49. Bxe5 Rc1 50. e3 Rh1 51. f4 Rxh3 52. f5+ Kf7 53. Kd4 Rh1 54. e4 h3 55. Bg3 Rg1 56. Bh2 Rg2 57. Bd6 h2 58. Bxh2 Rxh2 59. e5 Rxb2 0-1


[Site "https://www.chess.com"]

[Event "Titled Tuesday Blitz January 17 Early 2023"]
[White "Sohier, Julien"]
[Black "Buscar, Michael"]
[WhiteFideId "645346"]
[BlackFideId "2603616"]
[WhiteElo "2214"]
[BlackElo "2041"]
[Result "1-0"]
[Round "10"]
[TimeControl "180+2"]
[Date "2023.01.17"]
[WhiteClock "0:01:29"]
[BlackClock "0:00:35"]

1. e4 c5 2. Nc3 Nc6 3. Bb5 g6 4. Bxc6 dxc6 5. f4 Bg7 6. d3 Nf6 7. Nf3 O-O 8. O-O Ne8 9. Qe1 Nc7 10. Qh4 h6 11. f5 g5 12. Bxg5 hxg5 13. Nxg5 Qd4+ 14. Kh1 Rd8 15. Qh5 Qf6 16. e5 Qh6 17. Qxf7+ Kh8 18. Qxe7 Rf8 19. Qxf8+ Bxf8 20. Nf7+ Kg7 21. Nxh6 Kxh6 22. e6 Nd5 23. Rae1 Nf6 24. e7 Bxf5 25. exf8=Q+ Rxf8 26. Rxf5 1-0


[Site "https://www.chess.com"]

[Event "Titled Tuesday Blitz January 17 Early 2023"]
[White "Qashashvili, Alexandre"]
[Black "Player, Edmund C"]
[WhiteFideId "13600842"]
[BlackFideId "406520"]
[WhiteElo "2505"]
[BlackElo "2204"]
[Result "1-0"]
[Round "10"]
[TimeControl "180+2"]
[Date "2023.01.17"]
[WhiteClock "0:00:51"]
[BlackClock "0:00:01"]

1. e4 e5 2. Nf3 Nc6 3. Nc3 Nf6 4. d4 exd4 5. Nxd4 Bb4 6. Nxc6 bxc6 7. Bd3 O-O 8. O-O d5 9. exd5 Bg4 10. Be2 Bxe2 11. Nxe2 cxd5 12. c3 Bd6 13. Bf4 Rb8 14. Bxd6 Qxd6 15. b3 Rfe8 16. Ng3 c5 17. Re1 g6 18. Qd3 h5 19. h3 Kg7 20. Rad1 h4 21. Nf1 Rxe1 22. Rxe1 Rd8 23. Nd2 d4 24. cxd4 Qxd4 25. Qxd4 cxd4 26. Nf3 d3 27. Nxh4 Ne4 28. Nf3 Nc3 29. Nd2 Nxa2 30. Ra1 Nb4 31. Rxa7 Rc8 32. Rd7 Rc1+ 33. Kh2 Rc2 34. Nf3 Rxf2 35. Rd4 Kf6 36. Rxb4 Ke6 37. Rd4 1-0


[Site "https://www.chess.com"]

[Event "Titled Tuesday Blitz January 17 Early 2023"]
[White "Kostenko, Petr"]
[Black "Degtiarev, Evgeny"]
[WhiteFideId "13700669"]
[BlackFideId "4149610"]
[WhiteElo "2371"]
[BlackElo "2385"]
[Result "1-0"]
[Round "10"]
[TimeControl "180+2"]
[Date "2023.01.17"]
[WhiteClock "0:00:43"]
[BlackClock "0:00:02"]

1. c4 e5 2. g3 Nc6 3. Bg2 Nf6 4. Nf3 Bc5 5. O-O O-O 6. Nc3 Re8 7. a3 h6 8. b4 Bf8 9. d3 d6 10. Nd2 g6 11. Bb2 Bg7 12. Rc1 Nb8 13. Nb3 c6 14. e4 Na6 15. Kh1 Nc7 16. Qd2 Bg4 17. f3 Bd7 18. d4 exd4 19. Nxd4 d5 20. exd5 cxd5 21. c5 Ne6 22. Nce2 a5 23. b5 Nc7 24. a4 Re7 25. Nf4 Be6 26. Rfe1 g5 27. Nfxe6 fxe6 28. b6 Na6 29. Nxe6 Qd7 30. Nxg7 Kxg7 31. f4 g4 32. Qxd5 Rxe1+ 33. Rxe1 Qxd5 34. Bxd5 Nxc5 35. Rc1 Re8 36. Bxf6+ Kxf6 37. Rxc5 Re1+ 38. Kg2 Re2+ 39. Kf1 Rxh2 40. Bg2 1-0


[Site "https://www.chess.com"]

[Event "Titled Tuesday Blitz January 17 Early 2023"]
[White "Bas Mas, Jose Joaquin"]
[Black "Melikhov, Evgeny V."]
[WhiteFideId "22219064"]
[BlackFideId "4122046"]
[WhiteElo "2197"]
[BlackElo "2269"]
[Result "1/2-1/2"]
[Round "10"]
[TimeControl "180+2"]
[Date "2023.01.17"]
[WhiteClock "0:00:25"]
[BlackClock "0:00:09"]

1. e4 c5 2. Nf3 d6 3. d4 cxd4 4. Nxd4 Nf6 5. Nc3 a6 6. h3 e6 7. g4 b5 8. Bg2 Bb7 9. O-O Qc7 10. Re1 Nc6 11. Nd5 exd5 12. exd5+ Ne5 13. f4 Be7 14. g5 Nfd7 15. Nf5 g6 16. Nxe7 Kxe7 17. fxe5 Nxe5 18. Rxe5+ dxe5 19. d6+ Qxd6 20. Qxd6+ Kxd6 21. Bxb7 Ra7 22. Be4 Rc7 23. b3 h6 24. Ba3+ Ke6 25. Rd1 Rd7 26. Rxd7 Kxd7 27. h4 hxg5 28. hxg5 Rh4 29. Bf3 b4 30. Bc1 Ke6 31. Kg2 f5 32. gxf6 Kxf6 33. Be3 g5 34. Be2 a5 35. Bb6 Rh8 36. Bxa5 Ra8 37. Bxb4 Rxa2 38. Bd3 g4 39. Bc5 Kg5 40. Be3+ Kh4 41. b4 Rb2 42. b5 e4 43. Bxe4 Rxb5 44. Bd3 Re5 45. Bf4 Re8 46. c4 Rd8 47. Be2 Rd4 48. Bg3+ Kg5 49. c5 Rd2 50. Kf2 Rc2 51. Bd6 Kf6 52. Ke3 Ke6 53. Bxg4+ Kd5 54. Bf3+ Ke6 55. Kd3 Rc1 56. Be4 Rd1+ 57. Kc4 Rxd6 58. cxd6 Kxd6 1/2-1/2


[Site "https://www.chess.com"]

[Event "Titled Tuesday Blitz January 17 Early 2023"]
[White "Vaglio Munoz, Jaime"]
[Black "Seletsky, Grigory"]
[WhiteFideId "6500145"]
[BlackFideId "14112191"]
[WhiteElo "2174"]
[BlackElo "2259"]
[Result "1-0"]
[Round "10"]
[TimeControl "180+2"]
[Date "2023.01.17"]
[WhiteClock "0:00:29"]
[BlackClock "0:00:12"]

1. d4 d6 2. c4 e5 3. d5 f5 4. e4 fxe4 5. Nc3 Nf6 6. Bg5 Be7 7. Bxf6 Bxf6 8. Nxe4 Bf5 9. Bd3 Bg6 10. Ne2 Nd7 11. f3 O-O 12. N2g3 Bg5 13. Qc2 Bf4 14. Ne2 Be3 15. b4 a5 16. b5 Qb8 17. N2g3 Qa7 18. Rf1 a4 19. a3 Bd4 20. Rb1 Nf6 21. Nxf6+ Rxf6 22. Be4 Qc5 23. Rb4 Qa7 24. Ke2 Bxe4 25. Nxe4 Rg6 26. g4 Bc5 27. Nxc5 Qxc5 28. Qd3 Rf6 29. Qe3 b6 30. Qxc5 bxc5 31. Rbb1 Rb8 32. Ke3 Rf4 33. Rbc1 Kf7 34. h4 h5 35. Rg1 g6 36. gxh5 gxh5 37. Rg5 Rxh4 38. Rcg1 Rxc4 39. Rg7+ Kf6 40. R7g6+ Kf7 41. Rh6 Rxb5 42. Rgg6 Rb3+ 43. Kf2 Rf4 44. Re6 Rfxf3+ 45. Kg2 Rxa3 46. Rh7+ Kg8 47. Rxc7 Rf7 48. Rc8+ Kg7 49. Rxd6 Rd3 50. Rdd8 a3 51. Rg8+ Kf6 52. Rc6+ Ke7 53. Re6+ Kd7 54. Ra8 Rg7+ 55. Kf2 Rf7+ 56. Ke2 Rxd5 57. Rea6 Rd6 58. R8a7+ Ke6 59. Rxd6+ Kxd6 60. Rxf7 Kd5 61. Ra7 e4 62. Rxa3 Kd4 63. Rh3 c4 64. Kd2 c3+ 65. Rxc3 h4 66. Rh3 e3+ 67. Rxe3 h3 68. Rxh3 1-0


[Site "https://www.chess.com"]